 Dungeon Crawl Stone Soup version 0.30-a0-739-gea05faddec (webtiles) character file.

Game seed: 15500178747031389534

810 M4edhros the Insei (level 7, -8/43 HPs)
             Began as an Octopode Transmuter on Feb 4, 2023.
             Killed from afar by Edmund (13 damage)
             ... with a puff of flame
             ... on level 4 of the Dungeon.
             The game lasted 00:04:46 (727 turns).

M4edhros the Insei (Octopode Transmuter)             Turns: 727, Time: 00:04:46

Health: -8/43      AC:  2    Str:  9    XL:     7   Next: 92%
Magic:  7/10       EV: 25    Int: 16    God:
Gold:   49         SH:  0    Dex: 25    Spells: 3/10 levels left

rFire   . . .      SeeInvis .      - Unarmed
rCold   . . .      Faith    .    (shield currently unavailable)
rNeg    . . .      Spirit   .    (helmet currently unavailable)
rPois   x          Reflect  .    b - amulet of magic regeneration
rElec   .          Harm     .    d - +6 ring of dexterity
rCorr   +          Rampage  .    h - ring of resist corrosion
Will    +....                    (no ring)
Stlth   ++                       (no ring)
HPRegen 0.27/turn                (no ring)
MPRegen 0.52/turn                (no ring)
                                 (no ring)
                                 (no ring)

@: spider-form
A: venomous fangs, almost no armour, (amphibious), 8 rings, tiny, (camouflage
1), (gelatinous body 1), (nimble swimmer 1), (tentacles), (antennae 1),
strong-willed 1
a: End Transformation


You were on level 4 of the Dungeon.
You were a venomous arachnid creature.
You visited 1 branch of the dungeon, and saw 5 of its levels.

You collected 49 gold pieces.

Inventory:

Magical Staves
 n - a staff of poison
Jewellery
 b - an amulet of magic regeneration (around neck)
 d - a +6 ring of dexterity (left front pincers)
 f - a ring of ice
 h - a ring of resist corrosion (right front pincers)
Scrolls
 a - a scroll of teleportation {unknown}
 c - a scroll of amnesia {unknown}
 g - a scroll of noise {unknown}
 k - a scroll of enchant armour {unknown}
 l - a scroll of enchant weapon {unknown}
 m - a scroll of vulnerability {unknown}
 o - a scroll of identify {unknown}
 p - a scroll of butterflies {unknown}
Potions
 e - 2 potions of curing
 i - a potion of mutation
 j - a potion of heal wounds {unknown}


   Skills:
 - Level 1.0 Fighting
 + Level 5.4 Dodging
 + Level 6.0 Unarmed Combat
 - Level 2.0 Spellcasting
 - Level 4.0 Transmutations
 - Level 3.0 Poison Magic


You had 3 spell levels left.
You knew the following spells:

 Your Spells              Type           Power      Damage    Failure   Level
a - Beastly Appendage     Tmut           28%        N/A       13%         1
b - Spider Form           Tmut/Pois      12%        N/A       32%         3
c - Mephitic Cloud        Conj/Pois/Air  4%         N/A       61%         3

Your spell library contained the following spells:

 Spells                   Type           Power      Damage    Failure   Level
 Wereblood                Tmut           14%        N/A       17%         2
 Passwall                 Tmut/Erth      6%         N/A       32%         2
 Magic Dart               Conj           4%         1d3       41%         1
 Sandblast                Erth           2%         2d4       41%         1
 Call Imp                 Summ           1%         N/A       52%         2
 Stone Arrow              Conj/Erth      2%         3d7       73%         3
 Ice Form                 Ice/Tmut       8%         N/A       83%         4


Dungeon Overview and Level Annotations

Branches:
Dungeon (5/15)
 Temple: D:4-7

Altars:

Annotations:
D:3 1 runed translucent door, Regoshi's ghost, amateur DsGl
D:4 Edmund


Innate Abilities, Weirdness & Mutations

You are a venomous arachnid creature.
You have venomous fangs.
You are tiny and dextrous.
Your spellcasting is less reliable in this form.
Your armour is entirely melded.
You are incapable of wielding weapons or throwing items.
You cannot wear most types of armour.
((You are amphibious.))
You can wear up to eight rings at the same time.
((Your skin changes colour to match your surroundings (Stealth+).))
((Your rubbery body absorbs attacks. (AC +1, EV +1)))
((You are camouflaged when in or above water. (Stealth+)))
((You have tentacles for arms and can constrict up to eight enemies at once.))
((You have a pair of small antennae on your head.))
You are strong-willed. (Will+)


Message History

The black bear is almost dead.
The black bear closely misses you. The black bear barely misses you.
The black bear misses you.
You hit the black bear.
You kill the black bear!
Your Unarmed Combat skill increases to level 6!
No target in view!
No target in view!
Your transformation is almost over.
Edmund the Younger comes into view.
He is wielding a +5 flail of protection and carrying a wand of flame (7).
Edmund shouts!
Edmund zaps a wand.
The puff of flame hits you!
Okay, then.
It was a potion of mutation.
You feel extremely strange.
You feel strong-willed. A pair of antennae grows on your head!
Edmund completely misses you.
You hit Edmund.
Edmund is poisoned.
Edmund is lightly wounded.
You hit Edmund but do no damage.
Edmund looks as sick as possible!
Edmund is lightly wounded.
Edmund closely misses you.
You hit Edmund but do no damage.
Edmund is lightly wounded.
Edmund closely misses you.
You completely miss Edmund.
Edmund is lightly wounded.
Edmund hits you with a +5 flail of protection!
* * * LOW HITPOINT WARNING * * *
Okay, then.
You hit Edmund.
Edmund looks as sick as possible!
Edmund is moderately wounded.
Your transformation has ended.
Edmund zaps a wand.
The puff of flame hits you!
* * * LOW HITPOINT WARNING * * *
Okay, then.
Casting: Spider Form (dangerous; 14% risk of failure)
Confirm with . or Enter, or press ? or * to list all spells.
You turn into a venomous arachnid creature.
Edmund zaps a wand.
The puff of flame hits you!
You die...

#.................
#.........#.#####.
#.........#.#
#.........#.#
#.........#.#
##.####'###.#####. #.#
#...........
#########.####.###.#####.
.......@s..........#####.
###..........>..........
######........#.......
#.#####....#####. #.#
##[#.# #.# #.#..# ..#
#.#..# ## #.##.. #.# ###


You could see Edmund (extremely poisoned).

Vanquished Creatures
  Prince Ribbit (D:5)
  A water moccasin (D:5)
  A black bear (D:4)
  A centaur (D:5)
  A phantom (D:5)
  A bullfrog (D:5)
  A scorpion (D:5)
  A jelly (D:5)
  2 hounds (D:5)
  An orc wizard (D:5)
  2 adders
  A shadow imp (D:5)
  A worm (D:5)
  3 orcs (D:5)
  A bat (D:3)
  An endoplasm (D:3)
  A giant cockroach (D:2)
  A hobgoblin (D:4)
22 creatures vanquished.

Notes
Turn   | Place    | Note
-------+----------+-------------------------------------------
     0 | D:1      | M4edhros the Octopode Transmuter began the quest for the
                  | Orb.
     0 | D:1      | Reached XP level 1. HP: 13/13 MP: 3/3
   140 | D:3      | Found a runed translucent door.
   142 | D:3      | Noticed Regoshi's ghost (amateur DsGl)
   160 | D:3      | Reached XP level 2. HP: 14/18 MP: 3/5
   231 | D:5      | Entered Level 5 of the Dungeon
   233 | D:5      | Noticed Prince Ribbit
   241 | D:5      | Reached XP level 3. HP: 23/23 MP: 6/6
   254 | D:5      | Killed Prince Ribbit
   255 | D:5      | Reached skill level 4 in Unarmed Combat
   255 | D:5      | Reached XP level 4. HP: 28/28 MP: 7/7
   255 | D:5      | Reached XP level 5. HP: 33/33 MP: 8/8
   255 | D:5      | Reached XP level 6. HP: 38/38 MP: 9/9
   317 | D:5      | Learned a level 3 spell: Spider Form
   347 | D:5      | Reached skill level 1 in Poison Magic
   505 | D:5      | Noticed a water moccasin
   520 | D:5      | Killed a water moccasin
   521 | D:5      | Reached skill level 5 in Unarmed Combat
   521 | D:5      | Reached XP level 7. HP: 27/43 MP: 10/10
   608 | D:5      | Reached skill level 5 in Dodging
   663 | D:5      | Learned a level 3 spell: Mephitic Cloud
   707 | D:4      | Reached skill level 6 in Unarmed Combat
   717 | D:4      | Noticed Edmund
   720 | D:4      | Gained mutation: You are strong-willed. (Will+) [potion of
                  | mutation]
   720 | D:4      | Gained mutation: You have a pair of small antennae on your
                  | head. [potion of mutation]
   727 | D:4      | Killed from afar by Edmund

Illustrated notes

Levels and vault maps discovered:
D:1:      minmay_arrival_five_plusses, layout_loops_ring, solitary_fountain,
          serial_bayou_lagoon_b
D:2:      layout_loops_ring, minmay_domino_4
D:3:      layout_rooms, serial_shops, shop, chequers_ecumenical_altar_grove,
          ebering_ghost_inner_flame, minivault_25, kennysheep_generic_room_5,
          uniq_sigmund
D:4:      layout_basic, serial_shops, nicolae_shop_bloodbath_and_beyond,
          minmay_rat_hole, uniq_edmund
D:5:      layout_gridville, hex_tiny, uniq_prince_ribbit1

Skill      XL: |  1  2  3  4  5  6  7 |
---------------+----------------------+-----
Dodging        | 3 4 5 |  5.4
Unarmed Combat | 4 5 6 |  6.0
Transmutations | 3 4 |  4.0
Poison Magic   | 3 |  3.0
Fighting       | |  1.0
Spellcasting   | |  2.0

Action                     |  1- 3 |  4- 6 |  7- 9 || total
---------------------------+-------+-------+-------++-------
  Melee: Unarmed           |    27 |    42 |    37 ||   106
         Constrict         |     3 |     1 |       ||     4
         Tentacles         |     2 |       |       ||     2
         Punch             |     2 |       |       ||     2
         Kick              |     1 |       |       ||     1
   Cast: Beastly Appendage |     1 |       |     1 ||     2
         Spider Form       |       |     4 |     5 ||     9
    Use: Potion            |     2 |     2 |     1 ||     5
   Stab: Sleeping          |     1 |       |       ||     1
 Armour: Skin              |    14 |     6 |     5 ||    25
  Dodge: Dodged            |    10 |    25 |    48 ||    83

Table legend: (Time is in decaauts)
 A = Elapsed time spent in this place.
 B = Non-inter-level travel time spent in this place.
 C = Inter-level travel time spent in this place.
 D = Time resting spent in this place.
 E = Time spent auto-exploring this place.
 F = Levels seen in this place.
 G = Mean time per level.
                   A        B        C        D        E       F      G
               +--------+--------+--------+--------+--------+-----+--------+
         Total |    727 |    727 |      0 |     30 |      0 |   5 |  145.4 |
       Dungeon |    727 |    727 |      0 |     30 |      0 |   5 |  145.4 |
               +--------+--------+--------+--------+--------+-----+--------+

Top non-repeatable levels by time:
     D:5: 453 daAuts
     D:4: 97 daAuts
     D:3: 87 daAuts
     D:2: 57 daAuts
     D:1: 32 daAuts
